 Dungeon Crawl Stone Soup version 0.31-a0-198-g2ad674f65e (webtiles) character file.

Game seed: 17405127879384380778

30 qw the Shooter (level 3, 0/20 HPs)
             Began as a Deep Elf Hunter on June 25, 2023.
             Slain by Sigmund
             ... wielding a +0 scythe
              (4 damage)
             ... on level 2 of the Dungeon.
             The game lasted 00:00:21 (989 turns).

qw the Shooter (Deep Elf Hunter)                     Turns: 989, Time: 00:00:21

Health: 0/20       AC:  7    Str: 10    XL:     3   Next: 3%
Magic:  5/5        EV:  9    Int: 13    God:
Gold:   58         SH:  0    Dex: 18    Spells: 2/2 levels left

rFire   . . .        Y - +0 shortbow
rCold   . . .        (shield currently unavailable)
rNeg    . . .        j - +0 scale mail
rPois   .            i - +0 helmet
rElec   .            (no cloak)
rCorr   .            (no gloves)
SInv    .            (no boots)
Will    .....        (no amulet) Stlth
                     (no ring)
HPRegen 0.23/turn    (no ring)
MPRegen 0.09/turn

%: no passive effects
@: confused
A: no striking features
a: no special abilities


You were on level 2 of the Dungeon.
You visited 1 branch of the dungeon, and saw 2 of its levels.

You collected 58 gold pieces.


   Skills:
 - Level 1.5 Fighting
 + Level 6.6 Ranged Weapons
 - Level 2.4 Dodging
 - Level 1.2 Stealth


You had 2 spell levels left.
You didn't know any spells.
Your spell library was empty.

Inventory:

Hand Weapons
 Y - a +0 shortbow (weapon)
Armour
 i - a +0 helmet (worn)
 j - a +0 scale mail (worn)
Scrolls
 g - a scroll of identify
Potions
 f - a potion of might {unknown}

Dungeon Overview and Level Annotations

Branches:
Dungeon (2/15)

Altars:

Shops:
D:1 :

Annotations:
D:2 Sigmund


Message History

You kill the frilled lizard!
Sigmund hits you but does no damage.
You shoot an arrow.
The arrow hits Sigmund but does no damage.
Sigmund casts a spell at you. The puff of flame hits you.
You shoot an arrow. The arrow hits Sigmund.
Sigmund is moderately wounded.
Sigmund hits you from afar with a +0 scythe!
You start resting.
Sigmund is nearby!
Found 15 gold pieces.
Found a stone staircase leading down.
Sigmund hits you from afar with a +0 scythe.
You shoot an arrow. The arrow hits Sigmund.
Sigmund is moderately wounded.
Sigmund points at you and mumbles some strange words.
You are confused.
Sigmund laughs darkly.
You feel less confused.
You start resting.
Sigmund is nearby!
You shoot an arrow.
The arrow hits Sigmund but does no damage.
Sigmund is moderately wounded.
Sigmund points at you and mumbles some strange words.
The magic dart hits you.
You start resting.
Sigmund is nearby!
You shoot an arrow. The arrow closely misses Sigmund.
Sigmund barely misses you.
You shoot an arrow. The arrow closely misses Sigmund.
Sigmund closely misses you.
You shoot an arrow. The arrow closely misses Sigmund.
Sigmund gestures at you while chanting.
You are confused.
Sigmund closely misses you. Sigmund hits you but does no damage.
Sigmund barely misses you. Sigmund hits you with a +0 scythe.
You die...

##.# .. #.# .#
#.##.####..
#..........
#...#..#...
##..## %..~ #...#
.~~~
#####.@####..~~~
#.......@...# ~~
..............~~~
...........$...~
................
...........$..#.
..>..........$#
..............#
.............#


You could see Sigmund.

Vanquished Creatures
  2 ball pythons
  4 endoplasms (D:1)
  4 giant cockroaches (D:1)
  3 hobgoblins
  2 jackals (D:1)
  3 kobolds (D:1)
  4 frilled lizards (D:2)
  2 goblins (D:1)
  A rat (D:2)
25 creatures vanquished.

Notes
Turn   | Place    | Note
-------+----------+-------------------------------------------
     0 | D:1      | qw the Deep Elf Hunter began the quest for the Orb.
     0 | D:1      | Reached XP level 1. HP: 12/12 MP: 3/3
     0 | D:1      | 0 ||| qw: Version: 0.3-a-22-g0ed2b0b
     0 | D:1      | 0 ||| qw: Game counter: 5062
     0 | D:1      | 0 ||| qw: Melee chars always use a shield: true
     0 | D:1      | 0 ||| qw: God list: Okawaru
     0 | D:1      | 0 ||| qw: Allow faded altars: false
     0 | D:1      | 0 ||| qw: Do Orc after clearing Dungeon:15 true
     0 | D:1      | 0 ||| qw: Do second Lair branch before Depths: true
     0 | D:1      | 0 ||| qw: Lair rune preference: random
     0 | D:1      | 0 ||| qw: Goals: Normal
     0 | D:1      | 0 ||| PLANNING D:1-11
   125 | D:1      | Found Fowopno's Book Shoppe.
   211 | D:1      | Reached XP level 2. HP: 16/16 MP: 4/4
   214 | D:1      | Reached skill level 6 in Ranged Weapons
   225 | D:1      | Found a faded altar of an unknown god.
   778 | D:1      | 778 ||| UPGRADING to +0 helmet.
   783 | D:1      | 783 ||| UPGRADING to +0 scale mail.
   793 | D:1      | 793 ||| DROPPING +0 leather armour.
   794 | D:1      | 794 ||| READING scroll labelled KUHIASKEFESM.
   795 | D:1      | 795 ||| READING scroll labelled CUXTUNT XOJE.
   796 | D:1      | 796 ||| READING 2 scrolls labelled ERCHEE LE GESK.
   797 | D:1      | 797 ||| READING scroll labelled ZEZAHUEGUA.
   898 | D:1      | 898 ||| DROPPING scroll of butterflies.
   953 | D:2      | Noticed Sigmund
   959 | D:2      | Reached XP level 3. HP: 20/20 MP: 5/5
   968 | D:2      | HP: 4/20 [Sigmund/+0 scythe (6)]
   979 | D:2      | HP: 1/20 [Sigmund/magic dart (5)]
   989 | D:2      | Slain by Sigmund

Levels and vault maps discovered:
D:1:      scummos_arrival_star, layout_loops_ring,
          hellmonk_ecumenical_altar_arch_garden, serial_shops, shop,
          nicolae_concentric_dashed_squares_wild, chequers_serial_rivers_large_b
D:2:      layout_rooms, corexii_hall_statues_l, grunt_decor_cap,
          minmay_lizard_pond, uniq_sigmund, uniq_natasha

Skill      XL: |  1  2 |
---------------+-------+-----
Ranged Weapons | 6 |  6.6
Fighting       | |  1.5
Dodging        | |  2.4
Stealth        | |  1.2

Action                     || total
---------------------------++-------
   Fire: Shortbow          ||    67
    Use: Scroll            ||     4
 Armour: Leather armour    ||     3
         Scale mail        ||     7
  Dodge: Dodged            ||    18

Table legend:
 A = Non-vault XP
 B = Vault XP
 C = Vault XP percentage of total XP
 D = Non-vault monster count
 E = Vault monster count
 F = Vault count percentage of total count
                 A         B        C        D         E       F
            +---------+---------+-------+---------+---------+-------
      Total |      40 |       3 |   7.0 |      22 |       3 |  12.0
            +---------+---------+-------+---------+---------+-------
        D:1 |      34 |       0 |   0.0 |      18 |       0 |   0.0
        D:2 |       6 |       3 |  33.3 |       4 |       3 |  42.9
            +---------+---------+-------+---------+---------+-------
